| TOP OF THE 1ST |
|
Aberdeen Ironbirds batting - Pitching for Hudson Valley Renegades : LHP Richie van Wijngaarden
|
|
Pitching: LHP Richie van Wijngaarden
|
|
|
Batting: RHB Tony Godley
|
0-0: Called Strike 0-1: Called Strike 0-2: Foul Ball, location: 2F 0-2: DOUBLE (Line Drive, 89D, EV 105.0 MPH)
|
|
Batting: LHB Adam Oldfield
|
0-0: Ball 1-0: Called Strike 1-1: Called Strike 1-2: Foul Ball, location: 2F 1-2: Strikes out swinging
|
|
Batting: RHB Daniel Jackson
|
0-0: Ball 1-0: Foul Ball, location: 2F 1-1: Swinging Strike 1-2: Foul Ball, location: 2F 1-2: Strikes out looking
|
|
Batting: RHB Matt O'Dea
|
0-0: Ball 1-0: Ball 2-0: DOUBLE (Line Drive, 78D, EV 101.2 MPH) Tony Godley scores
|
|
Batting: RHB Dave Perron
|
0-0: Called Strike 0-1: Foul Ball, location: 2F 0-2: Ball 1-2: Strikes out swinging
|
| Top of the 1st over - 1 run, 2 hits, 0 errors, 1 left on base; Aberdeen 1 - Hudson Valley 0 |
| BOTTOM OF THE 1ST |
|
Hudson Valley Renegades batting - Pitching for Aberdeen Ironbirds : LHP Jason Williams
|
|
Pitching: LHP Jason Williams
|
|
|
Batting: RHB Eric Narrow
|
0-0: Called Strike 0-1: Ball 1-1: Ball 2-1: Ball 3-1: Called Strike 3-2: Ground out 4-3 (Groundball, 4M, EV 103.1 MPH)
|
|
Batting: SHB Josif Popovski
|
0-0: Bunt missed! 0-1: Ground out 4-3 (Groundball, 4, EV 82.5 MPH)
|
|
Batting: RHB Kevin Kush
|
0-0: Called Strike 0-1: Ball 1-1: Ball 2-1: Swinging Strike 2-2: Strikes out swinging
|
| Bottom of the 1st over - 0 runs, 0 hits, 0 errors, 0 left on base; Aberdeen 1 - Hudson Valley 0 |
| TOP OF THE 2ND |
|
Aberdeen Ironbirds batting - Pitching for Hudson Valley Renegades : LHP Richie van Wijngaarden
|
|
Batting: RHB Danny Baeza
|
0-0: Ball 1-0: Foul Ball, location: 2F 1-1: Ground out 6-3 (Groundball, 6, EV 91.9 MPH)
|
|
Batting: RHB Ray Sims
|
0-0: Ball 1-0: Ball 2-0: SOLO HOME RUN (Flyball, 7LD, EV 97.5 MPH), Distance : 347 ft
|
|
Batting: RHB Jeremy Sipe
|
0-0: Ball 1-0: Foul Ball, location: 2F 1-1: Ball 2-1: Ball 3-1: Base on Balls
|
|
Batting: RHB Matt Berrier
|
0-0: Called Strike Jeremy Sipe steals 2nd base 0-1: Foul Ball, location: 2F 0-2: Foul Ball, location: 2F 0-2: Ball 1-2: Ground out 6-3 (Groundball, 6S, EV 83.1 MPH) Jeremy Sipe to third
|
|
Batting: RHB Tony Godley
|
0-0: Ball 1-0: Swinging Strike 1-1: Hit by Pitch
|
|
Batting: LHB Adam Oldfield
|
0-0: Fly out, F6 (Popup, 6MD, EV 60.6 MPH)
|
| Top of the 2nd over - 1 run, 1 hit, 0 errors, 2 left on base; Aberdeen 2 - Hudson Valley 0 |
| BOTTOM OF THE 2ND |
|
Hudson Valley Renegades batting - Pitching for Aberdeen Ironbirds : LHP Jason Williams
|
|
Batting: SHB Suljo Dokic
|
0-0: Foul Ball, location: 2F 0-1: Ball 1-1: Ball 2-1: Foul Ball, location: 2F 2-2: Foul Ball, location: 2F 2-2: Ball 3-2: SOLO HOME RUN (Flyball, 7LD, EV 94.4 MPH), Distance : 343 ft
|
|
Batting: RHB Wil Urban
|
0-0: Called Strike 0-1: Swinging Strike 0-2: Ball 1-2: Strikes out looking
|
|
Batting: RHB Evan Chalarian
|
0-0: Ball 1-0: Ground out 4-3 (Groundball, 4M, EV 86.9 MPH)
|
|
Batting: RHB Jesus Carrillo
|
0-0: Called Strike 0-1: Ball 1-1: Ball 2-1: Ball 3-1: Ground out 5-3 (Groundball, 56S, EV 92.5 MPH)
|
| Bottom of the 2nd over - 1 run, 1 hit, 0 errors, 0 left on base; Aberdeen 2 - Hudson Valley 1 |
| TOP OF THE 3RD |
|
Aberdeen Ironbirds batting - Pitching for Hudson Valley Renegades : LHP Richie van Wijngaarden
|
|
Batting: RHB Daniel Jackson
|
0-0: Ball 1-0: Ball 2-0: Ball 3-0: Called Strike 3-1: Swinging Strike 3-2: Ground out 1-3 (Groundball, 15, EV 70.0 MPH)
|
|
Batting: RHB Matt O'Dea
|
0-0: Called Strike 0-1: Swinging Strike 0-2: Ball 1-2: Strikes out swinging
|
|
Batting: RHB Dave Perron
|
0-0: Foul Ball, location: 2F 0-1: Ball 1-1: Swinging Strike 1-2: Strikes out swinging
|
| Top of the 3rd over - 0 runs, 0 hits, 0 errors, 0 left on base; Aberdeen 2 - Hudson Valley 1 |
| BOTTOM OF THE 3RD |
|
Hudson Valley Renegades batting - Pitching for Aberdeen Ironbirds : LHP Jason Williams
|
|
Batting: LHB Jeremy Burton
|
0-0: Foul Ball, location: 2F 0-1: Foul Ball, location: 2F 0-2: Ground out 5-3 (Groundball, 56, EV 79.4 MPH)
|
|
Batting: RHB Greg Grayson
|
0-0: Ground out 2-3 (Groundball, 15S, EV 65.6 MPH)
|
|
Batting: RHB Eric Narrow
|
0-0: Ball 1-0: DOUBLE (Groundball, 5L, EV 103.1 MPH)
|
|
Batting: SHB Josif Popovski
|
0-0: Ball 1-0: Ground out 1-3 (Groundball, 15S, EV 68.8 MPH)
|
| Bottom of the 3rd over - 0 runs, 1 hit, 0 errors, 1 left on base; Aberdeen 2 - Hudson Valley 1 |
| TOP OF THE 4TH |
|
Aberdeen Ironbirds batting - Pitching for Hudson Valley Renegades : LHP Richie van Wijngaarden
|
|
Batting: RHB Danny Baeza
|
0-0: Ball 1-0: Foul Ball, location: 2F 1-1: Ground out 5-3 (Groundball, 5S, EV 85.0 MPH)
|
|
Batting: RHB Ray Sims
|
0-0: Ball 1-0: Swinging Strike 1-1: Swinging Strike 1-2: Strikes out swinging
|
|
Batting: RHB Jeremy Sipe
|
0-0: Ball 1-0: Ball 2-0: SINGLE (Groundball, 56D, EV 83.1 MPH) (infield hit)
|
|
Batting: RHB Matt Berrier
|
0-0: Ball Jeremy Sipe steals 2nd base (no throw) 1-0: Ball 2-0: Foul Ball, location: 2F 2-1: Foul Ball, location: 2F 2-2: Strikes out swinging
|
| Top of the 4th over - 0 runs, 1 hit, 0 errors, 1 left on base; Aberdeen 2 - Hudson Valley 1 |
| BOTTOM OF THE 4TH |
|
Hudson Valley Renegades batting - Pitching for Aberdeen Ironbirds : LHP Jason Williams
|
|
Batting: RHB Kevin Kush
|
0-0: Fly out, F8 (Flyball, 8RM, EV 89.4 MPH)
|
|
Batting: SHB Suljo Dokic
|
0-0: Ball 1-0: Swinging Strike 1-1: Ground out 5-3 (Groundball, 5L, EV 83.8 MPH)
|
|
Batting: RHB Wil Urban
|
0-0: Ball 1-0: Foul Ball, location: 2F 1-1: Ball 2-1: SINGLE (Flyball, 89S, EV 88.8 MPH)
|
|
Batting: RHB Evan Chalarian
|
0-0: Ball 1-0: Called Strike 1-1: Fielders Choice at 2nd, U4 (Groundball, 4M, EV 87.5 MPH)
|
| Bottom of the 4th over - 0 runs, 1 hit, 0 errors, 1 left on base; Aberdeen 2 - Hudson Valley 1 |
| TOP OF THE 5TH |
|
Aberdeen Ironbirds batting - Pitching for Hudson Valley Renegades : LHP Richie van Wijngaarden
|
|
Batting: RHB Tony Godley
|
0-0: Called Strike 0-1: Ball 1-1: SINGLE (Groundball, 5S, EV 74.4 MPH) (infield hit)
|
|
Batting: LHB Adam Oldfield
|
0-0: Ball 1-0: Called Strike Tony Godley is caught stealing 2nd base 2-6 1-1: Ground out 4-3 (Groundball, 4M, EV 91.2 MPH)
|
|
Batting: RHB Daniel Jackson
|
0-0: Ball 1-0: Ground out 1-5-3 (Groundball, 15S, EV 99.4 MPH)
|
| Top of the 5th over - 0 runs, 1 hit, 0 errors, 0 left on base; Aberdeen 2 - Hudson Valley 1 |
| BOTTOM OF THE 5TH |
|
Hudson Valley Renegades batting - Pitching for Aberdeen Ironbirds : LHP Jason Williams
|
|
Batting: RHB Jesus Carrillo
|
0-0: Ball 1-0: Ground out 4-3 (Groundball, 4M, EV 82.5 MPH)
|
|
Batting: LHB Jeremy Burton
|
0-0: Swinging Strike 0-1: Called Strike 0-2: Ground out 5-3 (Groundball, 5, EV 87.5 MPH)
|
|
Batting: RHB Greg Grayson
|
0-0: Called Strike 0-1: Ball 1-1: Swinging Strike 1-2: Ball 2-2: Ball 3-2: Foul Ball, location: 2F 3-2: Ground out 6-3 (Groundball, 6, EV 85.6 MPH)
|
| Bottom of the 5th over - 0 runs, 0 hits, 0 errors, 0 left on base; Aberdeen 2 - Hudson Valley 1 |
| TOP OF THE 6TH |
|
Aberdeen Ironbirds batting - Pitching for Hudson Valley Renegades : LHP Richie van Wijngaarden
|
|
Batting: RHB Matt O'Dea
|
0-0: Foul Ball, location: 2F 0-1: Ball 1-1: Called Strike 1-2: Ball 2-2: Foul Ball, location: 2F 2-2: Strikes out swinging
|
|
Pitching: RHP Juan Estrella
|
|
|
Batting: RHB Dave Perron
|
0-0: Called Strike 0-1: Ball 1-1: Fly out, F7 (Flyball, 7D, EV 93.8 MPH)
|
|
Batting: RHB Danny Baeza
|
0-0: Called Strike 0-1: Ground out 5-3 (Groundball, 56S, EV 87.5 MPH)
|
| Top of the 6th over - 0 runs, 0 hits, 0 errors, 0 left on base; Aberdeen 2 - Hudson Valley 1 |
| BOTTOM OF THE 6TH |
|
Hudson Valley Renegades batting - Pitching for Aberdeen Ironbirds : LHP Jason Williams
|
|
Batting: RHB Eric Narrow
|
0-0: Ground out 4-3 (Groundball, 4, EV 108.1 MPH)
|
|
Batting: SHB Josif Popovski
|
0-0: Ground out U3 (Groundball, 34S, EV 86.9 MPH)
|
|
Batting: RHB Kevin Kush
|
0-0: Ball 1-0: Called Strike 1-1: TRIPLE (Line Drive, 89XD, EV 101.9 MPH)
|
|
Batting: SHB Suljo Dokic
|
0-0: Called Strike 0-1: Foul Ball, location: 2F 0-2: Strikes out swinging
|
| Bottom of the 6th over - 0 runs, 1 hit, 0 errors, 1 left on base; Aberdeen 2 - Hudson Valley 1 |
| TOP OF THE 7TH |
|
Aberdeen Ironbirds batting - Pitching for Hudson Valley Renegades : RHP Juan Estrella
|
|
Batting: RHB Ray Sims
|
0-0: Ground out 5-3 (Groundball, 25, EV 85.0 MPH)
|
|
Batting: RHB Jeremy Sipe
|
0-0: Foul Ball, location: 2F 0-1: Called Strike 0-2: Foul Ball, location: 2F 0-2: Ball 1-2: Foul Ball, location: 2F 1-2: Ball 2-2: Strikes out swinging
|
|
Batting: RHB Matt Berrier
|
0-0: Ball 1-0: Called Strike 1-1: Ground out 5-3 (Groundball, 5L, EV 83.8 MPH)
|
| Top of the 7th over - 0 runs, 0 hits, 0 errors, 0 left on base; Aberdeen 2 - Hudson Valley 1 |
| BOTTOM OF THE 7TH |
|
Hudson Valley Renegades batting - Pitching for Aberdeen Ironbirds : LHP Jason Williams
|
|
Batting: RHB Wil Urban
|
0-0: Ball 1-0: DOUBLE (Line Drive, 7LM, EV 101.2 MPH)
|
|
Batting: RHB Evan Chalarian
|
0-0: Called Strike 0-1: Foul Ball, location: 2F 0-2: Ball 1-2: Ball 2-2: Strikes out swinging
|
|
Batting: RHB Jesus Carrillo
|
0-0: Ball 1-0: Foul Ball, location: 2F 1-1: Ball 2-1: Swinging Strike 2-2: Ground out U3 (Groundball, 34, EV 101.2 MPH) Wil Urban to third
|
|
Pinch Hitting: RHB Eddie Zamora
|
0-0: Ball 1-0: Ball 2-0: Ball 3-0: Foul Ball, location: 2F 3-1: Called Strike 3-2: Base on Balls
|
|
Batting: RHB Greg Grayson
|
0-0: Called Strike 0-1: Called Strike 0-2: Ball 1-2: Strikes out swinging
|
| Bottom of the 7th over - 0 runs, 1 hit, 0 errors, 2 left on base; Aberdeen 2 - Hudson Valley 1 |
| TOP OF THE 8TH |
|
Aberdeen Ironbirds batting - Pitching for Hudson Valley Renegades : RHP Juan Estrella
|
|
Now in LF: Eddie Zamora
|
|
|
Now in CF: Kevin Kush
|
|
|
Batting: RHB Tony Godley
|
0-0: Called Strike 0-1: Ball 1-1: DOUBLE (Line Drive, 9LM, EV 88.1 MPH)
|
|
Batting: LHB Adam Oldfield
|
0-0: Ball Wild Pitch! Tony Godley to third 1-0: Ball 2-0: Called Strike 2-1: Foul Ball, location: 2F 2-2: Strikes out swinging
|
|
Batting: RHB Daniel Jackson
|
0-0: Called Strike 0-1: Ball 1-1: Ball 2-1: Ball 3-1: Base on Balls
|
|
Batting: RHB Matt O'Dea
|
0-0: Ball 1-0: Ball 2-0: Foul Ball, location: 2F 2-1: Ball 3-1: Swinging Strike 3-2: Foul Ball, location: 2F 3-2: Base on Balls Daniel Jackson to second
|
|
Batting: RHB Dave Perron
|
0-0: Ball 1-0: Called Strike 1-1: Foul Ball, location: 2F 1-2: Ball 2-2: Foul Ball, location: 2F 2-2: Strikes out swinging
|
|
Pitching: RHP Fabrizio Rovigo
|
|
|
Batting: RHB Danny Baeza
|
0-0: Ball 1-0: Ball 2-0: Ground out 5-3 (Groundball, 25, EV 80.0 MPH)
|
| Top of the 8th over - 0 runs, 1 hit, 0 errors, 3 left on base; Aberdeen 2 - Hudson Valley 1 |
| BOTTOM OF THE 8TH |
|
Hudson Valley Renegades batting - Pitching for Aberdeen Ironbirds : LHP Jason Williams
|
|
Pitching: RHP Angel Gonzales
|
|
|
Now in RF: Ben Sutton
|
|
|
Pinch Hitting: LHB Tony Zizumbo
|
0-0: Called Strike 0-1: Swinging Strike 0-2: Strikes out swinging
|
|
Pinch Hitting: LHB Josh Redfern
|
0-0: Ball 1-0: Ball 2-0: Ball 3-0: Called Strike 3-1: Called Strike 3-2: Base on Balls
|
|
Batting: RHB Kevin Kush
|
0-0: Called Strike 0-1: Ball 1-1: Called Strike 1-2: Ball 2-2: Ball 3-2: Strikes out looking
|
|
Batting: SHB Suljo Dokic
|
0-0: Ball 1-0: Foul Ball, location: 2F 1-1: Called Strike 1-2: Ball 2-2: Ball 3-2: Strikes out looking
|
| Bottom of the 8th over - 0 runs, 0 hits, 0 errors, 1 left on base; Aberdeen 2 - Hudson Valley 1 |
| TOP OF THE 9TH |
|
Aberdeen Ironbirds batting - Pitching for Hudson Valley Renegades : RHP Fabrizio Rovigo
|
|
Now at 2B: Tony Zizumbo
|
|
|
Now at SS: Jesus Carrillo
|
|
|
Now in RF: Josh Redfern
|
|
|
Batting: RHB Ray Sims
|
0-0: Foul Ball, location: 2F 0-1: Called Strike 0-2: Strikes out swinging, 2-3 out at first.
|
|
Batting: RHB Jeremy Sipe
|
0-0: Swinging Strike 0-1: SINGLE (Groundball, 6MD, EV 96.9 MPH)
|
|
Pinch Hitting: LHB Tomas de Zeeuw
|
0-0: Called Strike Jeremy Sipe is caught stealing 2nd base 2-6 0-1: Called Strike 0-2: Ball 1-2: Strikes out looking
|
| Top of the 9th over - 0 runs, 1 hit, 0 errors, 0 left on base; Aberdeen 2 - Hudson Valley 1 |
| BOTTOM OF THE 9TH |
|
Hudson Valley Renegades batting - Pitching for Aberdeen Ironbirds : RHP Angel Gonzales
|
|
Pitching: RHP Chris Kimura
|
|
|
Now at SS: Andy Bridger
|
|
|
Batting: RHB Wil Urban
|
0-0: Foul Ball, location: 2F 0-1: Ball 1-1: Called Strike 1-2: Ball 2-2: Fly out, F8 (Flyball, 8LD, EV 80.6 MPH)
|
|
Batting: RHB Evan Chalarian
|
0-0: Ball 1-0: Called Strike 1-1: Ground out 4-3 (Groundball, 4, EV 82.5 MPH)
|
|
Batting: RHB Jesus Carrillo
|
0-0: Fly out, F3 (Line Drive, 34, EV 66.9 MPH)
|
| Bottom of the 9th over - 0 runs, 0 hits, 0 errors, 0 left on base; Aberdeen 2 - Hudson Valley 1 |
|